 Dungeon Crawl Stone Soup version 0.30-a0-174-gbc10bd73c2 (webtiles) character file.

Game seed: 6815387776156413036

249 qw the Chopper (level 6, -2/37 HPs)
             Began as a Gargoyle Fighter on Oct 1, 2022.
             Slain by a steam dragon (3 damage)
             ... on level 7 of the Dungeon.
             The game lasted 00:00:56 (2773 turns).

qw the Chopper (Gargoyle Fighter)                   Turns: 2773, Time: 00:00:57

Health: -2/37      AC: 13    Str: 22    XL:     6   Next: 12%
Magic:  6/6        EV:  9    Int:  8    God:
Gold:   220        SH:  4    Dex:  9    Spells: 5/5 levels left

rFire   . . .      SeeInvis .    Y - +1 war axe
rCold   + . .      Faith    .    c - +0 buckler
rNeg    + . .      Spirit   .    b - +0 scale mail
rPois   inf        Reflect  .    m - +0 helmet
rElec   +          Harm     .    (no cloak)
rCorr   .          Rampage  .    j - +0 pair of gloves
Will    .....                    (no boots)
Stlth   ..........               (no amulet)
HPRegen 0.26/turn                l - ring of protection from cold
MPRegen 0.10/turn                (no ring)

@: no status effects
A: sickness immunity, AC +4, negative energy resistance 1, electricity
resistance, torment resistance 1, petrification resistance
a: no special abilities


You were on level 7 of the Dungeon.
You visited 1 branch of the dungeon, and saw 5 of its levels.

You collected 220 gold pieces.


Innate Abilities, Weirdness & Mutations

You are immune to sickness and miasma.
Your stone body is resilient. (AC +4)
You are immune to poison.
You resist negative energy. (rN+)
You are resistant to electric shocks. (rElec)
You are resistant to unholy torment.
You are immune to petrification.


   Skills:
 + Level 3.2 Fighting
 - Level 5.7 Axes
 - Level 3.2 Armour
 - Level 3.2 Shields


You had 5 spell levels left.
You didn't know any spells.
Your spell library was empty.

Inventory:

Hand Weapons
 f - a +2 whip of venom
 Y - a +1 war axe (weapon)
Armour
 b - a +0 scale mail (worn)
 c - a +0 buckler (worn)
 j - a +0 pair of gloves (worn)
 m - a +0 helmet (worn)
 n - a +1 leather armour of cold resistance
Jewellery
 l - a ring of protection from cold (left hand)
Scrolls
 a - a scroll of identify
Potions
 d - 2 potions of might
 e - a potion of lignification
 g - a potion of degeneration {unknown}
 h - a potion of attraction
 i - a potion of heal wounds {unknown}
 k - a potion of brilliance {unknown}
 o - 2 potions of curing
 p - a potion of resistance {unknown}
 r - a potion of haste {unknown}

Dungeon Overview and Level Annotations

Branches:
Dungeon (4/15)
 Temple: D:4-7

Altars:

Shops:
D:4 [

Annotations:
D:3 1 runed translucent door, qw's ghost, amateur GrFi


Message History

You are engulfed in a cloud of scalding steam.
The steam dragon bites you.
The steam dragon claws you but does no damage.
You hit the steam dragon.
The steam dragon is heavily wounded.
You block the steam dragon's attack.
The steam dragon claws you but does no damage.
You barely miss the steam dragon.
The steam dragon is heavily wounded.
The steam dragon bites you but does no damage.
The steam dragon closely misses you. The bullfrog hits you.
You hit the steam dragon but do no damage.
The steam dragon is heavily wounded.
You barely miss the bullfrog. The steam dragon closely misses you.
The steam dragon claws you but does no damage.
You block the bullfrog's attack. The steam dragon breathes steam at you.
The ball of steam hits you.
You completely miss the steam dragon.
The steam dragon is heavily wounded.
You slash the bullfrog!
You are engulfed in a cloud of scalding steam.
The bullfrog closely misses you. You block the bullfrog's attack.
The steam dragon bites you.
The steam dragon claws you but does no damage.
You closely miss the steam dragon.
The steam dragon is heavily wounded.
You hit the bullfrog.
You are engulfed in a cloud of scalding steam.
The bullfrog hits you but does no damage. x2
The steam dragon bites you! The steam dragon closely misses you.
You hit the bullfrog.
The bullfrog is severely wounded.
You slash the steam dragon!
You are engulfed in a cloud of scalding steam.
You block the bullfrog's attack.
The steam dragon bites you but does no damage.
The steam dragon claws you.
You die...

............
............# ..
............# ...
.........(..# #.#
#...........# #.#
#...........# #.#
........FD.# ###.####
........@.# #......#
#..#....######......#
#...##.....))......#
........######)......#
......ยค. ##......#
........ #......#
........ #......#
........ ########
.......


You could see a steam dragon (catching breath) and a bullfrog.

Vanquished Creatures
  A sky beast (D:7)
  A hound (D:4)
  An orc priest (D:7)
  Jessica (D:2)
  2 adders
  3 dart slugs
  3 orcs
  5 endoplasms
  3 giant cockroaches
  3 goblins
  5 hobgoblins
  5 kobolds
  2 quokkas (D:3)
  3 ball pythons
  4 bats
  3 frilled lizards
  2 rats
47 creatures vanquished.

Notes
Turn   | Place    | Note
-------+----------+-------------------------------------------
     0 | D:1      | qw the Gargoyle Fighter began the quest for the Orb.
     0 | D:1      | Reached XP level 1. HP: 14/14 MP: 1/1
     0 | D:1      | 0 ||| qw: Version: 0.2-a-13-gfc7b4b4
     0 | D:1      | 0 ||| qw: Game counter: 1917
     0 | D:1      | 0 ||| qw: Always use a shield: true
     0 | D:1      | 0 ||| qw: God list: Okawaru
     0 | D:1      | 0 ||| qw: Allow faded altars: false
     0 | D:1      | 0 ||| qw: Do Orc after D:15 true
     0 | D:1      | 0 ||| qw: Do second Lair branch before Depths: true
     0 | D:1      | 0 ||| qw: Lair rune preference: random
     0 | D:1      | 0 ||| qw: Plans: Normal, Zot:1-4, God:TSO, Crypt, Tomb,
                  | Pan, Slime:5, Hells, Abyss, Orb
     0 | D:1      | 0 ||| PLANNING D:1-11
   119 | D:1      | Reached skill level 2 in Axes
   266 | D:1      | Found a faded altar of an unknown god.
   280 | D:1      | Reached XP level 2. HP: 14/19 MP: 2/2
  1042 | D:1      | 1042 ||| READING 2 scrolls labelled LUSUMA REVVAD.
  1043 | D:1      | 1043 ||| READING 2 scrolls labelled KOQASA SOME.
  1044 | D:1      | 1044 ||| READING scroll labelled IBOOQ VUHOBB.
  1045 | D:1      | 1045 ||| DRINKING 2 viscous black potions.
  1046 | D:1      | 1046 ||| DROPPING scroll of butterflies.
  1135 | D:2      | 1135 ||| STAIRDANCE
  1198 | D:2      | 1198 ||| Stepping ~*~*~tactically~*~*~ (stealth).
  1276 | D:2      | Reached skill level 3 in Axes
  1374 | D:2      | Reached XP level 3. HP: 21/23 MP: 3/3
  1564 | D:2      | Noticed Jessica
  1571 | D:2      | Killed Jessica
  1859 | D:2      | Reached XP level 4. HP: 28/28 MP: 4/4
  1887 | D:2      | 1887 ||| UPGRADING to +0 pair of gloves.
  1892 | D:2      | 1892 ||| UPGRADING to +0 helmet.
  1897 | D:2      | 1897 ||| UPGRADING to ring of protection from cold.
  1898 | D:2      | 1898 ||| READING scroll labelled FAFRUGI TEOH SOCK.
  1899 | D:2      | 1899 ||| READING scroll labelled NIAR ARYQENGEO.
  1900 | D:2      | 1900 ||| DRINKING 2 purple potions.
  2001 | D:3      | 2001 ||| Stepping ~*~*~tactically~*~*~ (stealth).
  2002 | D:3      | 2002 ||| Stepping ~*~*~tactically~*~*~ (stealth).
  2003 | D:3      | 2003 ||| Stepping ~*~*~tactically~*~*~ (stealth).
  2014 | D:3      | 2014 ||| DROPPING +0 club.
  2048 | D:3      | 2048 ||| Stepping ~*~*~tactically~*~*~ (hiding).
  2061 | D:3      | Reached skill level 4 in Axes
  2151 | D:3      | Found a runed translucent door.
  2152 | D:3      | Noticed qw's ghost (amateur GrFi)
  2356 | D:3      | 2356 ||| READING scroll labelled KYJIXALAV.
  2357 | D:3      | 2357 ||| READING scroll labelled YTEMPU DORPHAZOCEA.
  2378 | D:3      | 2378 ||| READING 3 scrolls of identify.
  2378 | D:3      | 2378 ||| IDENTIFYING brown potion
  2379 | D:3      | 2379 ||| READING 2 scrolls of identify.
  2379 | D:3      | 2379 ||| IDENTIFYING inky potion
  2380 | D:3      | 2380 ||| DROPPING potion of flight.
  2523 | D:4      | 2523 ||| Stepping ~*~*~tactically~*~*~ (hiding).
  2678 | D:4      | Reached XP level 5. HP: 32/32 MP: 5/5
  2708 | D:4      | Found Xuisal Ichu's Antique Armour Shoppe.
  2712 | D:4      | You fall into a shaft and drop 3 floors!
  2720 | D:7      | 2720 ||| Stepping ~*~*~tactically~*~*~ (stealth).
  2723 | D:7      | 2723 ||| Stepping ~*~*~tactically~*~*~ (hiding).
  2724 | D:7      | 2724 ||| Stepping ~*~*~tactically~*~*~ (hiding).
  2731 | D:7      | Noticed a sky beast
  2742 | D:7      | Noticed a steam dragon
  2743 | D:7      | 2743 ||| Stepping ~*~*~tactically~*~*~ (stealth).
  2755 | D:7      | Killed a sky beast
  2756 | D:7      | Reached skill level 5 in Axes
  2756 | D:7      | Reached XP level 6. HP: 37/37 MP: 6/6
  2763 | D:7      | 2763 ||| Stepping ~*~*~tactically~*~*~ (cloud).
  2772 | D:7      | HP: 9/37 [steam dragon] (2)]
  2772 | D:7      | HP: 1/37 [steam dragon (9)]
  2773 | D:7      | Slain by a steam dragon

Levels and vault maps discovered:
D:1:      denvon_arrival_planthouse, layout_basic, basic_ecumenical_altar,
          minmay_tiny_reverse_x
D:2:      layout_basic, minmay_misc_feat_tower, uniq_jessica
D:3:      layout_rooms, ebering_ghost_reflecting_pool
D:4:      layout_loops_corners, led_sif_book, serial_shops,
          nicolae_stop_n_shop_2
D:7:      layout_rooms, mainiacjoe_overflow_six_doors_small,
          general_overflow_altar, enter_bailey_4, solitary_fountain

Skill      XL: |  1  2  3  4  5 |
---------------+----------------+-----
Axes           | 2 3 4 5 |  5.7
Fighting       | |  3.2
Armour         | |  3.2
Shields        | |  3.2

Action                   |  1- 3 |  4- 6 || total
-------------------------+-------+-------++-------
Melee: War axe           |    91 |    79 ||   170
  Use: Scroll            |     3 |     6 ||     9
       Potion            |     1 |     1 ||     2
Armor: Scale mail        |    36 |    50 ||    86
Dodge: Dodged            |    38 |    46 ||    84
Block: Buckler           |    12 |    12 ||    24

Table legend:
 A = Non-vault XP
 B = Vault XP
 C = Vault XP percentage of total XP
 D = Non-vault monster count
 E = Vault monster count
 F = Vault count percentage of total count
                 A         B        C        D         E       F
            +---------+---------+-------+---------+---------+-------
      Total |     317 |      40 |  11.2 |      44 |       3 |   6.4
            +---------+---------+-------+---------+---------+-------
        D:1 |      21 |       3 |  12.5 |      12 |       2 |  14.3
        D:2 |      22 |      37 |  62.7 |      14 |       1 |   6.7
        D:3 |      32 |       0 |   0.0 |      10 |       0 |   0.0
        D:4 |      63 |       0 |   0.0 |       4 |       0 |   0.0
        D:7 |     179 |       0 |   0.0 |       4 |       0 |   0.0
            +---------+---------+-------+---------+---------+-------
